 Dungeon Crawl Stone Soup version 0.29.1-13-g9f3cf754e1 (webtiles) character file.

Game seed: 8787160246453261

19 wolfrpgdude the Trooper (level 2, 0/24 HPs)
             Began as a Human Fighter on Feb 4, 2023.
             Frozen to death by an endoplasm (3 damage)
             ... on level 1 of the Dungeon.
             The game lasted 00:02:20 (1046 turns).

wolfrpgdude the Trooper (Human Fighter)             Turns: 1046, Time: 00:02:20

Health: 0/24       AC: 11    Str: 16    XL:     2   Next: 95%
Magic:  2/2        EV:  0    Int:  8    God:
Gold:   33         SH: 12    Dex: 12    Spells: 1/1 levels left

rFire   . . .      SeeInvis .   f - +0 dagger (elec)
rCold   . . .      Faith    .   i - +0 tower shield
rNeg    . . .      Spirit   .   h - +0 plate armour
rPois   .          Reflect  .   (no helmet)
rElec   .          Harm     .   (no cloak)
rCorr   .          Rampage  .   (no gloves)
Will    .....                   (no boots)
Stlth   ..........              (no amulet)
HPRegen 0.08/turn               (no ring)
MPRegen 0.08/turn               (no ring)

@: no status effects
A: no striking features
a: no special abilities


You were on level 1 of the Dungeon.
You visited 1 branch of the dungeon, and saw 2 of its levels.

You collected 33 gold pieces.

Inventory:

Hand Weapons
 a - a +0 long sword
 f - a +0 dagger of electrocution (weapon)
Armour
 b - a +0 scale mail
 c - a +0 buckler
 h - a +0 plate armour (worn)
 i - a +0 tower shield (worn)
Jewellery
 g - a ring of magical power
Scrolls
 j - a scroll of identify
Potions
 d - a potion of might
 e - a potion of curing {unknown}
 k - 2 potions of brilliance
 l - a potion of heal wounds {unknown}


   Skills:
 + Level 3.2 Fighting
 + Level 0.4(1.3) Short Blades
 + Level 2.1(2.2) Long Blades
 + Level 3.2 Armour
 + Level 0.1 Dodging
 + Level 3.1 Shields


You had one spell level left.
You didn't know any spells.
Your spell library contained the following spells:

 Spells                   Type           Power      Damage    Failure   Level
 Frozen Ramparts          Ice            0%         1d1       100%        3
 Animate Dead             Necr           0%         N/A       100%        4
 Ice Form                 Ice/Tmut       0%         N/A       100%        4
 Summon Ice Beast         Ice/Summ       0%         N/A       100%        4
 Alistair's Intoxication  Tmut/Pois      0%         N/A       100%        5
 Borgnjor's Vile Clutch   Necr/Erth      0%         N/A       100%        5
 Death Channel            Necr           0%         N/A       100%        6
 Eringya's Noxious Bog    Tmut/Pois      0%         N/A       100%        6


Dungeon Overview and Level Annotations

Branches:
Dungeon (2/15)

Altars:

Shops:
D:1 *

Annotations:
D:1 Terence


Message History

The endoplasm freezes you.
You are frozen.
You are too injured to fight recklessly!
You are too injured to fight recklessly!
You are too injured to fight recklessly!
You are too injured to fight recklessly!
You are too injured to fight recklessly!
You are too injured to fight recklessly!
You are too injured to fight recklessly!
You are too injured to fight recklessly!
You are too injured to fight recklessly!
You closely miss Terence. Terence hits you with a +0 hand axe.
* * * LOW HITPOINT WARNING * * *
The endoplasm hits you but does no damage.
You barely miss Terence. You block Terence's attack.
You block the endoplasm's attack. The endoplasm attacks as you move away!
You block the endoplasm's attack. Terence attacks as you move away!
You block Terence's attack. Terence attacks as you move away!
You block Terence's attack. You block Terence's attack.
Terence attacks as you move away! Terence hits you with a +0 hand axe.
* * * LOW HITPOINT WARNING * * *
Terence hits you but does no damage.
There is a stone staircase leading up here.
Terence hits you but does no damage. You block the endoplasm's attack.
You climb upwards.
There is a stone staircase leading down here.
You hit the endoplasm.
The endoplasm is heavily wounded.
You block the endoplasm's attack. Terence hits you but does no damage.
The endoplasm hits you but does no damage.
You block Terence's attack.
You hit the endoplasm but do no damage.
The endoplasm is heavily wounded.
You block the endoplasm's attack. Terence hits you but does no damage.
You hit the endoplasm but do no damage.
The endoplasm is heavily wounded.
The endoplasm freezes you.
You are frozen.
You die...

...8#.....# #.#.##..[........
...##.....### #.#.##...........
...#........# #.#.##.........##
...###.####.#####.#.##...(.....##
.....#....#.##...(..##.........##
.....##......#.##..............'.
......#.######.########........##
......##################.#####.#
<.......8##..'.@@J.∩..'..# #.#
......#####..############# #.#
......# #.....#....# #.# ^....##
#.....#....#### #.## ..8..#
#.....#.......# #... ?..###
####.##..)..#.#### #### .###
#####...............# #### .#
###.....##########.##.# #... 8#
###...##### #..#.###.##


You could see Terence and an endoplasm.

Vanquished Creatures
  5 ball pythons
  2 bats (D:1)
  An endoplasm (D:1)
  3 goblins (D:1)
  A hobgoblin (D:1)
  A quokka (D:1)
  2 frilled lizards (D:1)
  A kobold (D:1)
  2 rats (D:1)
18 creatures vanquished.

Notes
Turn   | Place    | Note
-------+----------+-------------------------------------------
     0 | D:1      | wolfrpgdude the Human Fighter began the quest for the Orb.
     0 | D:1      | Reached XP level 1. HP: 18/18 MP: 1/1
   132 | D:1      | Reached XP level 2. HP: 21/24 MP: 2/2
   298 | D:1      | Found Tikk's Assorted Antiques.
  1004 | D:2      | Noticed Terence
  1046 | D:1      | Frozen to death by an endoplasm

Illustrated notes

Levels and vault maps discovered:
D:1:      psy_arrival_heroes, layout_basic, serial_shops,
          nicolae_shop_hallway_stairs
D:2:      layout_rooms, serial_shops, shop, serial_corexii_hall,
          chequers_hall_statues_y, corexii_hall_statues_deadend,
          corexii_hall_statues_l, corexii_hall_statues_l, grunt_ministairs_1,
          nicolae_figureground_pulse, uniq_terence, uniq_crazy_yiuf_cottage

Action                   || total
-------------------------++-------
Melee: Long sword        ||    12
       Dagger            ||    64
  Use: Scroll            ||     2
Armor: Scale mail        ||     8
       Plate armour      ||    42
Dodge: Dodged            ||    12
Block: Buckler           ||    18
       Tower shield      ||    24
